 Dungeon Crawl Stone Soup version 0.21.1-1-g345015f (webtiles) character file.

4462 vatarom the Summoner (level 10, -4/61 HPs)
             Began as a Deep Elf Summoner on Mar 29, 2018.
             Was an Elder of Sif Muna.
             Slain by a wolf (11 damage)
             ... on level 9 of the Dungeon.
             The game lasted 00:26:19 (11270 turns).

vatarom the Summoner (Deep Elf Summoner)           Turns: 11270, Time: 00:26:20

Health: -4/61      AC:  6    Str:  8    XL:     10   Next: 15%
Magic:  22/24      EV: 13    Int: 21    God:    Sif Muna [****..]
Gold:   608        SH:  5    Dex: 15    Spells: 12/26 levels left

rFire    . . .     SeeInvis .   j - +4 quarterstaff (chaos)
rCold    . . .     Gourm    .   (shield currently unavailable)
rNeg     . . .     Faith    .   a - +1 robe
rPois    .         Spirit   .   g - +0 helmet
rElec    .         Reflect  +   i - +0 cloak
rCorr    .         Harm     .   u - +0 pair of gloves
MR       +....                  (no boots)
Stlth    ++........             p - +5 amulet of reflection
HPRegen  0.20/turn              y - ring of wizardry
MPRegen  0.19/turn              (no ring)

@: about to teleport, slowed, drained, divine energy, very slow
A: no striking features
a: Stop Divine Energy, Channel Magic, Forget Spell, Renounce Religion


You were on level 9 of the Dungeon.
You worshipped Sif Muna.
Sif Muna was greatly pleased with you.
You were full.

You visited 2 branches of the dungeon, and saw 11 of its levels.

You collected 608 gold pieces.

Inventory:

Hand Weapons
 j - a +4 quarterstaff of chaos (weapon)
Armour
 a - a +1 robe (worn)
 g - a +0 helmet (worn)
 i - a +0 cloak (worn)
 u - a +0 pair of gloves (worn)
Jewellery
 p - a +5 amulet of reflection (around neck)
 y - a ring of wizardry (left hand)
Wands
 f - a wand of flame (47)
 o - a wand of enslavement (14)
 t - a wand of polymorph (20)
 x - a wand of iceblast (13)
 A - a wand of paralysis (16)
Scrolls
 d - 2 scrolls of identify
 e - 3 scrolls of teleportation
 m - 3 scrolls of remove curse
 r - a scroll of silence
 v - a scroll of brand weapon
 w - a scroll of enchant weapon
 z - 4 scrolls of fog
 B - a scroll of enchant armour
 C - a scroll of random uselessness {unknown}
 E - a scroll of fear
Potions
 h - a potion of invisibility
 k - 2 potions of agility
 l - a potion of flight
 n - a potion of resistance
 q - 2 potions of haste
 s - 2 potions of cancellation
 D - a potion of magic {unknown}
 F - a potion of curing {unknown}
Books
 b - a book of Callings

   Spells                             Type                      Level
   a - Summon Small Mammal            Summoning                    1
   b - Call Imp                       Summoning                    2
   c - Call Canine Familiar           Summoning                    3
   d - Summon Guardian Golem          Hexes/Summoning              3
   e - Summon Lightning Spire         Summoning/Air                4
   f - Summon Ice Beast               Ice/Summoning                4
Comestibles
 c - 9 rations


   Skills:
 * Level 6.7(6.0) Fighting
 - Level 3.4(2.7) Dodging
 - Level 2.4(1.8) Stealth
 + Level 8.5(7.8) Spellcasting
 * Level 10.4(9.7) Summonings
 - Level 1.0(0.4) Ice Magic
 - Level 1.0(0.4) Air Magic
 + Level 6.1(5.4) Invocations


You had 12 spell levels left.
You knew the following spells:

 Your Spells              Type           Power        Failure   Level  Hunger
a - Summon Small Mammal   Summ           ####         1%          1    None
b - Call Imp              Summ           #####...     1%          2    None
c - Call Canine Familiar  Summ           #####...     1%          3    None
d - Summon Lightning Spi  Summ/Air       ####....     4%          4    ###....
e - Summon Ice Beast      Ice/Summ       ####....     4%          4    ###....


Dungeon Overview and Level Annotations

Branches:
Dungeon (10/15)            Temple (1/1) D:6            Lair (0/6) D:10
    Orc: D:9-12

Altars:
Ashenzari
Cheibriados
Dithmenos
Elyvilon
Fedhas
Gozag
Hepliaklqana
Kikubaaqudgha
Makhleb
Nemelex Xobeh
Okawaru
Qazlal
Ru
Sif Muna
Trog
Uskayaw
Vehumet
Wu Jian
Xom
Yredelemnul
Zin
The Shining One
Lugonu

Annotations:
D:8 2 transporters
D:10 Josephine


Message History

The hound bites you.
* * * LOW HITPOINT WARNING * * *
You block the wolf's attack.
Your hound bites the wolf.
The hound closely misses you. The hound bites your hound. The wolf bites you.
* * * LOW HITPOINT WARNING * * *
Your hound bites the wolf but does no damage.
The wraith barely misses your hound. The hound barely misses your hound.
The wolf barely misses you.
Okay, then.
As you read the scroll of teleportation, it crumbles to dust.
You feel strangely unstable.
Your hound bites the wolf.
The wolf barely misses your hound. The hound completely misses your hound.
Your hound misses the wolf. The wraith hits your hound!
The wolf bites your hound!
Your hound dies!
Your hound's corpse disappears in a puff of smoke!
The wolf howls!
The wolf bites you!
You die...

## .# ######## .#
#......# .######
#.####@#
......#####.####h#
.####.........##h#
.# ######....>W§#
.# #..#.#..# ##
#.......#
#.#.##.## ########
#.#.##.# .......#
#......#


You could see a wraith, a wolf and a hound.

Vanquished Creatures
  A troll (D:9)
  A hippogriff (D:7)
  An ice beast (D:8)
  2 centaurs
  A bullfrog (D:7)
  A killer bee (D:7)
  A wight (D:9)
  A howler monkey (D:5)
  2 crimson imps
  2 hounds
  A centaur skeleton (D:7)
  2 worker ants
  2 adders
  2 oozes
  An adder zombie (D:8)
  A dart slug (D:2)
  2 leopard geckos (D:8)
  An orc (D:3)
  2 bats
  4 goblins
  2 hobgoblins (D:2)
  5 jackals (D:2)
  2 quokkas
  2 frilled lizards
  2 kobolds (D:3)
  A quokka skeleton (D:4)
  3 rats
48 creatures vanquished.

Vanquished Creatures (collateral kills)
  Maurice (D:9)
  Psyche (D:8)
  A hornet (D:9)
  Prince Ribbit (D:8)
  2 hippogriffs (D:8)
  2 wraiths (D:9)
  Eustachio (D:4)
  Sigmund (D:5)
  4 yaks (D:9)
  A hungry ghost (D:7)
  Menkaure (D:4)
  A water moccasin (D:5)
  A necrophage (D:9)
  3 orc warriors
  An ice beast (D:7)
  A sky beast (D:5)
  3 phantoms
  A black bear (D:9)
  2 wolves (D:9)
  An ogre (D:4)
  4 centaurs
  A crocodile (D:7)
  A bullfrog (D:9)
  2 jellies
  A scorpion (D:9)
  10 killer bees
  9 wights
  A howler monkey (D:4)
  A crimson imp (D:7)
  2 quasits
  6 hounds
  4 orc priests
  8 orc wizards
  Crazy Yiuf (D:2)
  A bullfrog skeleton (D:5)
  Terence (D:3)
  Ijyb (D:5)
  4 worker ants
  Robin (D:2)
  6 gnolls
  9 adders
  2 shadow imps
  2 oozes
  6 worms
  A dart slug (D:2)
  5 leopard geckos
  28 orcs
  A ball python (D:2)
  3 giant cockroaches
  21 goblins
  9 hobgoblins
  14 jackals
  4 kobolds
  A quokka (D:9)
  6 bats
  5 frilled lizards
  A leopard gecko zombie (D:6)
  12 rats
225 creatures vanquished.

Vanquished Creatures (others)
  2 centaurs
  An orc (D:9)
3 creatures vanquished.

Grand Total: 276 creatures vanquished

Notes
Turn   | Place    | Note
-------+----------+-------------------------------------------
     0 | D:1      | vatarom the Deep Elf Summoner began the quest for the Orb.
     0 | D:1      | Reached XP level 1. HP: 10/10 MP: 6/6
   291 | D:1      | Reached XP level 2. HP: 14/15 MP: 1/8
   626 | D:1      | Learned a level 2 spell: Call Imp
   664 | D:1      | Reached skill level 5 in Summonings
   892 | D:1      | Reached XP level 3. HP: 16/19 MP: 6/9
  1028 | D:2      | Learned a level 3 spell: Call Canine Familiar
  1080 | D:2      | Found a faded altar of an unknown god.
  1261 | D:2      | Found a runed door.
  1346 | D:2      | Noticed Crazy Yiuf
  1353 | D:2      | Killed Crazy Yiuf
  1353 | D:2      | Reached XP level 4. HP: 24/24 MP: 4/11
  1443 | D:2      | Found a deep blue altar of Sif Muna.
  1459 | D:2      | Became a worshipper of Sif Muna the Loreminder
  1505 | D:2      | Learned a level 4 spell: Summon Lightning Spire
  1685 | D:2      | Found a snail-covered altar of Cheibriados.
  1828 | D:2      | Noticed Robin
  1843 | D:2      | Killed Robin
  1843 | D:2      | Reached * piety under Sif Muna
  2202 | D:2      | Noticed a moth of wrath
  2205 | D:2      | Found a bloodstained altar of Trog.
  2349 | D:2      | Reached XP level 5. HP: 17/28 MP: 10/13
  2681 | D:2      | Found a sparkling altar of Nemelex Xobeh.
  2718 | D:3      | Noticed Terence
  2729 | D:3      | Killed Terence
  2729 | D:3      | Reached skill level 1 in Invocations
  2871 | D:3      | Reached skill level 1 in Fighting
  3071 | D:3      | Reached skill level 6 in Summonings
  3860 | D:4      | Found a sparkling altar of Nemelex Xobeh.
  4106 | D:4      | Noticed Menkaure
  4117 | D:4      | Killed Menkaure
  4117 | D:4      | Reached XP level 6. HP: 20/35 MP: 2/15
  4217 | D:4      | Learned a level 4 spell: Summon Ice Beast
  4295 | D:4      | Reached ** piety under Sif Muna
  4503 | D:4      | Noticed Eustachio
  4531 | D:4      | Killed Eustachio
  4618 | D:4      | Reached skill level 5 in Spellcasting
  4702 | D:4      | Found a glowing silver altar of Zin.
  4702 | D:4      | Found a white marble altar of Elyvilon.
  4703 | D:4      | Found a glowing golden altar of the Shining One.
  4799 | D:5      | Entered Level 5 of the Dungeon
  4855 | D:5      | Reached skill level 1 in Ice Magic
  4855 | D:5      | Reached skill level 1 in Air Magic
  4855 | D:5      | Reached XP level 7. HP: 39/40 MP: 9/16
  4931 | D:5      | Noticed Ijyb
  4956 | D:5      | Killed Ijyb
  5202 | D:5      | Reached skill level 7 in Summonings
  5259 | D:5      | Found a hazy altar of Hepliaklqana.
  5260 | D:5      | Found a shimmering altar of Xom.
  5261 | D:5      | Noticed a spectral ugly thing
  5302 | D:5      | Noticed Sigmund
  5327 | D:5      | Killed Sigmund
  5381 | D:5      | Found a hazy altar of Hepliaklqana.
  5871 | D:6      | Found a staircase to the Ecumenical Temple.
  5883 | Temple   | Entered the Ecumenical Temple
  5949 | D:6      | Found an ornate altar of the Wu Jian Council.
  5976 | D:6      | Reached XP level 8. HP: 36/46 MP: 10/18
  6513 | D:7      | Reached *** piety under Sif Muna
  6513 | D:7      | Reached skill level 8 in Summonings
  6737 | D:7      | Noticed a hippogriff
  6775 | D:7      | Killed a hippogriff
  6988 | D:7      | Found a hide-covered altar of Uskayaw.
  7517 | D:8      | Noticed Psyche
  7531 | D:8      | Killed Psyche
  7531 | D:8      | Reached skill level 5 in Fighting
  7531 | D:8      | Reached XP level 9. HP: 41/54 MP: 6/21
  7613 | D:8      | Found a shattered altar of Ashenzari.
  7632 | D:8      | Noticed Prince Ribbit
  7643 | D:8      | Killed Prince Ribbit
  7643 | D:8      | Reached skill level 9 in Summonings
  7958 | D:8      | Found a transporter.
  7961 | D:8      | Found a basalt altar of Yredelemnul.
  7963 | D:8      | Found a transporter.
  7965 | D:8      | Noticed a death knight
  7971 | D:8      | Found an ancient bone altar of Kikubaaqudgha.
  8052 | D:8      | Reached skill level 5 in Invocations
  8220 | D:8      | Found a shadowy altar of Dithmenos.
  8919 | D:8      | You fall through a shaft!
  8968 | D:9      | Reached **** piety under Sif Muna
  9065 | D:9      | Noticed a troll
  9088 | D:9      | Killed a troll
  9367 | D:9      | Reached skill level 10 in Summonings
  9520 | D:9      | Noticed Maurice
  9959 | D:8      | Reached XP level 10. HP: 39/61 MP: 9/24
 10242 | D:9      | Killed Maurice
 10323 | D:9      | Found a blossoming altar of Fedhas.
 10403 | D:10     | Entered Level 10 of the Dungeon
 10407 | D:10     | Found a staircase to the Lair.
 10536 | D:10     | Noticed Josephine
 11270 | D:9      | Slain by a wolf

Skill      XL: |  1  2  3  4  5  6  7  8  9 10 |
---------------+-------------------------------+-----
Summonings     | 5 6 7 8 10 | 10.4
Dodging        | 3 |  3.4
Spellcasting   | 4 5 7 8 |  8.5
Invocations    | 1 2 3 4 5 6 |  6.1
Fighting       | 1 2 3 5 6 |  6.7
Ice Magic      | 1 |  1.0
Air Magic      | 1 |  1.0
Stealth        | |  2.4

Action                   |  1- 3 |  4- 6 |  7- 9 | 10-12 || total
-------------------------+-------+-------+-------+-------++-------
Melee: Spear             |    13 |       |       |       ||    13
       Unarmed           |     8 |       |       |       ||     8
       Quarterstaff      |       |    58 |   108 |     2 ||   168
 Cast: Summon Small Mamm |    41 |     7 |       |       ||    48
       Call Imp          |    17 |    50 |    11 |       ||    78
       Call Canine Famil |     3 |    16 |    31 |     5 ||    55
       Summon Lightning  |       |     3 |    30 |     3 ||    36
       Summon Ice Beast  |       |       |    28 |     5 ||    33
Invok: Divine Energy     |       |       |     1 |       ||     1
Evoke: Wand              |       |       |     1 |       ||     1
  Use: Scroll            |     3 |     8 |    13 |     1 ||    25
       Potion            |     1 |     1 |     2 |       ||     4
 Stab: Sleeping          |     1 |     3 |     2 |       ||     6
       Distracted        |       |       |     2 |     1 ||     3
  Eat: Chunk             |     2 |     8 |     7 |     1 ||    18
       Ration            |       |     3 |     4 |     2 ||     9
Armor: Robe              |    14 |    26 |    44 |     3 ||    87
Dodge: Dodged            |    34 |    64 |   190 |    36 ||   324
Block: Other             |       |       |    53 |    11 ||    64
       Reflection        |       |       |    10 |     1 ||    11
